 Dungeon Crawl Stone Soup version 0.24.0-13-gcf9b319 (webtiles) character file.

Game seed: 5087962109008956030, levelgen mode: deterministic

128 Balder the Chopper (level 5, -8/47 HPs)
             Began as a Hill Orc Fighter on Mar 22, 2020.
             Killed by divine providence
             ... invoked by an orc priest
              (10 damage)
             ... on level 3 of the Dungeon.
             The game lasted 00:06:40 (1697 turns).

Balder the Chopper (Hill Orc Fighter)               Turns: 1697, Time: 00:06:41

Health: -8/47      AC:  9    Str: 24    XL:     5   Next: 12%
Magic:  5/5        EV:  6    Int:  8    God:
Gold:   159        SH: 10    Dex: 11    Spells: 4/4 levels left

rFire    . . .     SeeInvis .   a - +0 war axe
rCold    . . .     Gourm    .   c - +0 shield
rNeg     . . .     Faith    .   k - +0 chain mail
rPois    .         Spirit   .   (no helmet)
rElec    .         Reflect  .   (no cloak)
rCorr    .         Harm     .   (no gloves)
MR       .....                  (no boots)
Stlth    ..........             (no amulet)
HPRegen  0.15/turn              (no ring)
MPRegen  0.09/turn              (no ring)

@: mighty
A: no striking features
a: Convert to Beogh


You were on level 3 of the Dungeon.
You were not hungry.

You visited 1 branch of the dungeon, and saw 3 of its levels.

You collected 159 gold pieces.

Inventory:

Hand Weapons
 a - a +0 war axe (weapon)
 g - a +0 mace
Armour
 c - a +0 shield (worn)
 k - a +0 chain mail (worn)
Wands
 o - a wand of acid (10)
Scrolls
 h - 5 scrolls of identify {unknown}
Potions
 e - a potion of haste {unknown}
 i - a potion of curing {unknown}
 j - a potion of cancellation {unknown}
 l - a potion of resistance {unknown}
 m - 2 potions of brilliance {unknown}
 n - a potion of flight {unknown}
Comestibles
 b - 3 chunks of flesh
 f - 7 rations


   Skills:
 * Level 4.3 Fighting
 * Level 4.7 Axes
 * Level 4.0 Armour
 + Level 0.2 Dodging
 * Level 4.1 Shields


You had 4 spell levels left.
You didn't know any spells.
Your spell library was empty.

Dungeon Overview and Level Annotations

Branches:
Dungeon (3/15)

Altars:
Gozag


Message History

The orc priest mumbles some strange prayers to Beogh against you.
Beogh smites you!
* * * LOW HITPOINT WARNING * * *
The orc priest shouts, "Join the one true god or die!"
You feel very mighty all of a sudden. You block the orc priest's attack.
The orc priest mumbles some strange prayers to Beogh against you.
Pain shoots through your body!
* * * LOW HITPOINT WARNING * * *
You slash the orc priest!
The orc priest is almost dead.
Your chain mail prevents you from hitting the orc priest.
The orc priest hits you but does no damage. x2
You block the orc priest's attack.
You closely miss the orc priest.
The orc priest is almost dead.
You slash the orc priest!
The orc priest calls down the wrath of Beogh upon you.
Beogh smites you!
You die...

# # #. ####.# #.
#....#
####.####.####
#.........#
#......†..#
#....o@..)#
#....o....#
####'####.####.#
... #...##.###
#.. ###.##.#..
#.. #.##.#.# #.
#.##.#.# #.
#.##.#.#
.######.##.#.###


You could see 2 orc priests.

Vanquished Creatures
  An orc wizard (D:3)
  4 adders (D:2)
  An ooze (D:1)
  3 leopard geckos
  8 orcs
  2 giant cockroaches (D:1)
  4 goblins
  4 hobgoblins (D:1)
  4 jackals (D:1)
  A quokka (D:2)
  5 bats
  5 frilled lizards
  6 rats
48 creatures vanquished.

Notes
Turn   | Place    | Note
-------+----------+-------------------------------------------
     0 | D:1      | Balder the Hill Orc Fighter began the quest for the Orb.
     0 | D:1      | Reached XP level 1. HP: 19/19 MP: 1/1
    66 | D:1      | Reached XP level 2. HP: 27/27 MP: 2/2
   328 | D:1      | Reached XP level 3. HP: 30/33 MP: 3/3
   769 | D:2      | Found an opulent altar of Gozag.
   864 | D:2      | Reached XP level 4. HP: 27/40 MP: 4/4
  1543 | D:3      | Reached XP level 5. HP: 19/46 MP: 5/5
  1695 | D:3      | HP: 2/47 [orc priest/nerve-wracking pain (5)]
  1697 | D:3      | Killed from afar by an orc priest

Levels and vault maps discovered:
D:1:      dpeg_arrival_pond, layout_loops_ring, minmay_misc_feat_four_crosses,
          ebering_dispersal_statue_hall, hangedman_decor_diamond_cutter
D:2:      layout_rooms, first_ration, grunt_gozag_breadcrumbs
D:3:      layout_basic, cheibrodos_sewer_entry_drain

Skill      XL: |  1  2  3  4 |
---------------+-------------+-----
Fighting       | 4 |  4.3
Axes           | 3 4 |  4.7
Shields        | 4 |  4.1
Armour         | 4 |  4.0
Dodging        | |  0.2

Action                   |  1- 3 |  4- 6 || total
-------------------------+-------+-------++-------
Melee: War axe           |   117 |    54 ||   171
  Use: Potion            |       |     1 ||     1
  Eat: Chunk             |       |     3 ||     3
Armor: Scale mail        |    27 |       ||    27
       Chain mail        |    26 |    29 ||    55
Dodge: Dodged            |    32 |    13 ||    45
Block: Shield            |    70 |    28 ||    98
